 Dungeon Crawl Stone Soup version 0.29.0-13-gc9e81de378 (webtiles) character file.

Game seed: 14106530451708166779

175 SnakkuSnakku7 the Sneak (level 5, 0/45 HPs)
             Began as a Demigod Delver on Sept 7, 2022.
             Slain by a gnoll
             ... wielding a +0 flail
              (6 damage)
             ... on level 2 of the Dungeon.
             The game lasted 00:02:58 (1195 turns).

SnakkuSnakku7 the Sneak (Demigod Delver)            Turns: 1195, Time: 00:02:59

Health: 0/45       AC:  7    Str: 17    XL:     5   Next: 7%
Magic:  7/7        EV: 10    Int: 12    God:
Gold:   72         SH:  0    Dex: 15    Spells: 4/4 levels left

rFire   . . .      SeeInvis .   a - +0 hand axe
rCold   . . .      Faith    .   (no shield)
rNeg    . . .      Spirit   .   n - +0 scale mail
rPois   .          Reflect  .   (no helmet)
rElec   .          Harm     .   p - +0 cloak
rCorr   .          Rampage  .   (no gloves)
Will    .....                   (no boots)
Stlth   +.........              (no amulet)
HPRegen 0.15/turn               (no ring)
MPRegen 0.10/turn               (no ring)

@: no status effects
A: high MP 1, forlorn, divine attributes
a: no special abilities


You were on level 2 of the Dungeon.
You visited 1 branch of the dungeon, and saw 4 of its levels.

You collected 72 gold pieces.

Inventory:

Hand Weapons
 a - a +0 hand axe (weapon)
Missiles
 i - 5 poisoned darts (quivered)
Armour
 b - a +0 leather armour
 n - a +0 scale mail (worn)
 p - a +0 cloak (worn)
Wands
 g - a wand of digging (3)
 h - a wand of paralysis (3)
Scrolls
 c - 2 scrolls of fog
 d - a scroll of magic mapping
 e - a scroll of fear
 j - 2 scrolls of teleportation {unknown}
 m - a scroll of noise {unknown}
 r - a scroll of identify {unknown}
Potions
 f - a potion of haste
 k - 2 potions of curing {unknown}
 l - a potion of berserk rage {unknown}
 o - 2 potions of brilliance {unknown}
 q - a potion of degeneration {unknown}


   Skills:
 + Level 3.5 Fighting
 - Level 1.7 Axes
 - Level 3.0 Throwing
 - Level 1.7 Dodging
 - Level 4.5 Stealth
 - Level 2.4 Evocations


You had 4 spell levels left.
You didn't know any spells.
Your spell library contained the following spells:

 Spells                   Type           Power      Damage    Failure   Level
 Sandblast                Erth           0%         2d4       77%         1
 Passwall                 Tmut/Erth      0%         N/A       88%         2
 Stone Arrow              Conj/Erth      0%         3d7       98%         3


Dungeon Overview and Level Annotations

Branches:
Dungeon (5/15)
 Temple: D:4-7


Innate Abilities, Weirdness & Mutations

You have an increased reservoir of magic. (+10% MP)
You shall have no god before yourself.
Your divine heritage dramatically boosts your attributes as you level up.


Message History

The gnoll is severely wounded.
The gnoll barely misses you. The gnoll closely misses you.
You closely miss the gnoll.
The gnoll is severely wounded.
The gnoll hits you with a +0 whip.
You barely miss the gnoll.
The gnoll is severely wounded.
The gnoll hits you with a +0 whip.
You slash the gnoll!
You kill the gnoll!
Training target 3.0 for Throwing reached!
Your Throwing skill increases to level 3!
You need to enable at least one skill for training.
You have reached level 5!
You hit the gnoll.
The gnoll is severely wounded.
The gnoll barely misses you.
You hit the gnoll.
You kill the gnoll!
The gnoll hits you but does no damage.
You hit the gnoll but do no damage. The gnoll misses you.
You closely miss the gnoll. The gnoll hits you with a +0 flail!
You are too injured to fight recklessly!
You are too injured to fight recklessly!
You are too injured to fight recklessly!
You are too injured to fight recklessly!
You are too injured to fight recklessly!
You hit the gnoll.
The gnoll is moderately wounded.
The gnoll hits you with a +0 flail!
* * * LOW HITPOINT WARNING * * *
You closely miss the gnoll.
The gnoll is moderately wounded.
The gnoll hits you with a +0 flail.
* * * LOW HITPOINT WARNING * * *
Aiming: Paralyse
Press: ? - help, Shift-Dir - straight line, f - gnoll
Aim: a gnoll, wielding a +0 flail (moderately wounded, chance to affect: 64%)
The gnoll struggles to resist.
The gnoll hits you with a +0 flail.
You die...

#........##
#.........##
#..........#
#..........#
#..........######
#......>.........
#............##
#.........##.#
#########.@g.#
####.......#
##.#..... .# ...#
.# ### .. ##


You could see a gnoll.

Vanquished Creatures
  2 hounds (D:4)
  An iguana (D:5)
  An orc wizard (D:4)
  2 gnolls (D:2)
  3 adders
  7 orcs
  An endoplasm (D:3)
  A hobgoblin (D:3)
  A quokka (D:4)
  A frilled lizard (D:2)
  A kobold (D:4)
21 creatures vanquished.

Notes
Turn   | Place    | Note
-------+----------+-------------------------------------------
     0 | D:5      | SnakkuSnakku7 the Demigod Delver began the quest for the
                  | Orb.
     0 | D:5      | Reached XP level 1. HP: 18/18 MP: 3/3
    10 | D:5      | Noticed an ogre
    73 | D:5      | Noticed an ogre
   167 | D:5      | Reached skill level 1 in Evocations
   167 | D:5      | Reached XP level 2. HP: 26/26 MP: 4/4
   329 | D:5      | Reached XP level 3. HP: 31/31 MP: 5/5
   686 | D:4      | Reached skill level 1 in Throwing
   686 | D:4      | Reached XP level 4. HP: 19/38 MP: 6/6
  1189 | D:2      | Reached XP level 5. HP: 27/45 MP: 7/7
  1195 | D:2      | Slain by a gnoll

Illustrated notes

Levels and vault maps discovered:
D:2:      layout_basic
D:3:      layout_rooms, zin_scriptorium, shapermc_ecumenical_altar_ellora,
          gammafunk_ghost_mausoleum, st_stairs_7, uniq_terence
D:4:      layout_basic, gammafunk_temple_overflow_elements,
          minmay_temple_entry_wispy, nicolae_underground_beach
D:5:      layout_cave_pools, lemuel_crystal_altar

Skill      XL: |  1  2  3  4 |
---------------+-------------+-----
Fighting       | 3 |  3.5
Evocations     | 1 2 |  2.4
Throwing       | 1 3 |  3.0
Axes           | |  1.7
Dodging        | |  1.7
Stealth        | |  4.5

Action                   |  1- 3 |  4- 6 || total
-------------------------+-------+-------++-------
Melee: Hand axe          |    38 |    67 ||   105
       Punch             |       |     1 ||     1
Evoke: Wand              |     5 |     1 ||     6
 Stab: Paralysed         |    17 |       ||    17
Armor: Leather armour    |     4 |       ||     4
       Scale mail        |     1 |    44 ||    45
Dodge: Dodged            |    13 |    39 ||    52
